PUBAAA
MILLBRAE FLEAS @ SUNNYDALE SLAYERS
09/10/1972
 
TOP OF THE 1ST
Millbrae Fleas batting - Pitching for Sunnydale Slayers : LHP Cameron Stanley
Pitching: LHP Cameron Stanley
Batting: RHB Wally Ford 0-0: Ball
1-0: Swinging Strike
1-1: Ground out 4-3 (Groundball, 4, EV 88.8 MPH)
Batting: RHB Jeff Bailey 0-0: Ball
1-0: Fly out, F8 (Flyball, 8LXD, EV 92.5 MPH)
Batting: LHB Sergio García 0-0: Ball
1-0: Ground out 6-3 (Groundball, 6S, EV 72.5 MPH)
Top of the 1st over - 0 runs, 0 hits, 0 errors, 0 left on base; Millbrae 0 - Sunnydale 0
BOTTOM OF THE 1ST
Sunnydale Slayers batting - Pitching for Millbrae Fleas : RHP Isoruko Endo
Pitching: RHP Isoruko Endo
Batting: LHB Mickey Rivers 0-0: Called Strike
0-1: Foul Ball, location: 3FF
0-2: Foul Ball, location: 7LDF
0-2: Fly out, F9 (Line Drive, 9, EV 105.6 MPH)
Batting: RHB Juan Gallegos 0-0: Ball
1-0: Foul Ball, location: 9LDF
1-1: Swinging Strike
1-2: SINGLE (Flyball, 89S, EV 96.9 MPH)
Batting: LHB Scott Davis 0-0: Ball
1-0: Foul Ball, location: 23F
1-1: Ball
2-1: Foul Ball, location: 9LMF
2-2: 2-RUN HOME RUN (Flyball, 89XD, EV 108.1 MPH), Distance : 426 ft
Batting: LHB José Pérez 0-0: Called Strike
0-1: Ball
1-1: DOUBLE (Flyball, 8LXD, EV 107.5 MPH)
Batting: RHB Rico Petrocelli 0-0: Called Strike
0-1: Ball
1-1: Fly out, F9 (Flyball, 89S, EV 86.9 MPH)
Batting: LHB Blake Wanhalla 0-0: Ground out 5-3 (Groundball, 56, EV 85.0 MPH)
Bottom of the 1st over - 2 runs, 3 hits, 0 errors, 1 left on base; Millbrae 0 - Sunnydale 2
TOP OF THE 2ND
Millbrae Fleas batting - Pitching for Sunnydale Slayers : LHP Cameron Stanley
Batting: SHB John Bell 0-0: Ball
1-0: Foul Ball, location: 2F
1-1: Ball
2-1: Ball
3-1: Base on Balls
Batting: RHB Nathan Martínez 0-0: Called Strike
0-1: Ball
1-1: Ball
2-1: Called Strike
2-2: SINGLE (Groundball, 6, EV 84.4 MPH)
John Bell to second
Batting: LHB Harvey Moneur 0-0: SINGLE (Groundball, 6D, EV 106.9 MPH)
John Bell to third
Nathan Martínez to second
Runner from 3rd tries for Home, throw by LF and OUT! 7-2
Nathan Martínez to third
Harvey Moneur to second
Batting: RHB Augusto Hernández 0-0: Called Strike
0-1: Swinging Strike
0-2: Ball
1-2: Strikes out swinging
Batting: LHB Teinosuke Kogawa 0-0: Foul Ball, location: 9LMF
0-1: Ball
1-1: Swinging Strike
1-2: Ball
2-2: Foul Ball, location: 7LSF
2-2: Strikes out swinging
Top of the 2nd over - 0 runs, 2 hits, 0 errors, 2 left on base; Millbrae 0 - Sunnydale 2
BOTTOM OF THE 2ND
Sunnydale Slayers batting - Pitching for Millbrae Fleas : RHP Isoruko Endo
Batting: RHB Jesús Sosa 0-0: Ball
1-0: Swinging Strike
1-1: Foul Ball, location: 2F
1-2: SINGLE (Groundball, 34S, EV 80.6 MPH) (infield hit)
Batting: RHB Buck Martinez 0-0: Called Strike
0-1: Called Strike
0-2: Ball
1-2: Ball
2-2: SINGLE (Groundball, 4, EV 79.4 MPH)
Jesús Sosa to second
Batting: RHB Russell Martin 0-0: Ball
1-0: Ball
2-0: Fly out, F7 (Flyball, 7S, EV 96.3 MPH)
Batting: LHB Mickey Rivers 0-0: Foul Ball, location: 3FF
0-1: Swinging Strike
0-2: Grounds into double play, 4-6-3 (Groundball, 4, EV 100.6 MPH)
Bottom of the 2nd over - 0 runs, 2 hits, 0 errors, 1 left on base; Millbrae 0 - Sunnydale 2
TOP OF THE 3RD
Millbrae Fleas batting - Pitching for Sunnydale Slayers : LHP Cameron Stanley
Batting: RHB Jerry DaVanon 0-0: Ball
1-0: Ball
2-0: Swinging Strike
2-1: Ball
3-1: Base on Balls
Batting: RHB Wally Ford 0-0: Ball
1-0: Ball
2-0: Called Strike
2-1: Foul Ball, location: 3FF
2-2: Ball
3-2: Base on Balls
Jerry DaVanon to second
Batting: RHB Jeff Bailey 0-0: Ball
1-0: Ball
2-0: Fielders Choice at 2nd, 1-4 (Groundball, 15, EV 73.8 MPH)
Jerry DaVanon to third
Batting: LHB Sergio García 0-0: Ball
1-0: Grounds into double play, 4-6-3 (Groundball, 4, EV 87.5 MPH)
Top of the 3rd over - 0 runs, 0 hits, 0 errors, 1 left on base; Millbrae 0 - Sunnydale 2
BOTTOM OF THE 3RD
Sunnydale Slayers batting - Pitching for Millbrae Fleas : RHP Isoruko Endo
Batting: RHB Juan Gallegos 0-0: Ball
1-0: Ball
2-0: Ball
3-0: Base on Balls
Batting: LHB Scott Davis 0-0: Ball
1-0: Foul Ball, location: 7LSF
1-1: Foul Ball, location: 2RF
1-2: Foul Ball, location: 3F
1-2: Ball
2-2: Foul Ball, location: 7LDF
2-2: Ball
3-2: Fielders Choice at 2nd, 4-6 (Groundball, 4, EV 78.1 MPH)
Batting: LHB José Pérez 0-0: Ball
1-0: Ball
2-0: Foul Ball, location: 3F
2-1: Called Strike
2-2: Ball
3-2: Foul Ball, location: 23F
3-2: Base on Balls
Scott Davis to second
Batting: RHB Rico Petrocelli 0-0: Foul Ball, location: 25FF
0-1: Swinging Strike
0-2: Strikes out swinging
Batting: LHB Blake Wanhalla 0-0: Ball
1-0: Ball
2-0: Ball
3-0: Called Strike
3-1: Base on Balls
Scott Davis to third
José Pérez to second
Batting: RHB Jesús Sosa 0-0: Called Strike
0-1: Ball
1-1: Foul Ball, location: 9LSF
1-2: Ball
2-2: Foul Ball, location: 2F
2-2: Foul Ball, location: 3F
2-2: Ball
3-2: Base on Balls
Scott Davis scores
José Pérez to third
Blake Wanhalla to second
Batting: RHB Buck Martinez 0-0: Called Strike
0-1: SINGLE (Line Drive, 9LS, EV 105.0 MPH)
José Pérez scores
Blake Wanhalla to third
Jesús Sosa to second
Throwing error, E9
Blake Wanhalla scores
Jesús Sosa to third
Buck Martinez to second
Pitching: RHP Dave Thomas
Batting: RHB Russell Martin 0-0: Foul Ball, location: 5SF
0-1: Swinging Strike
0-2: Fly out, F8 (Line Drive, 8RM, EV 93.1 MPH)
Bottom of the 3rd over - 3 runs, 1 hit, 1 error, 2 left on base; Millbrae 0 - Sunnydale 5
TOP OF THE 4TH
Millbrae Fleas batting - Pitching for Sunnydale Slayers : LHP Cameron Stanley
Batting: SHB John Bell 0-0: Called Strike
0-1: Ball
1-1: SINGLE (Groundball, 6S, EV 68.1 MPH) (infield hit)
Batting: RHB Nathan Martínez 0-0: Called Strike
0-1: Called Strike
0-2: Strikes out swinging
Batting: LHB Harvey Moneur 0-0: Called Strike
0-1: Foul Ball, location: 7LDF
0-2: Strikes out swinging
Batting: RHB Augusto Hernández 0-0: Ball
1-0: Ball
2-0: Called Strike
2-1: Ball
3-1: Base on Balls
John Bell to second
Batting: LHB Teinosuke Kogawa 0-0: Ball
1-0: Ball
2-0: Called Strike
2-1: Ball
3-1: Foul Ball, location: 7LSF
3-2: Base on Balls
John Bell to third
Augusto Hernández to second
Batting: RHB Jerry DaVanon 0-0: Ball
1-0: Swinging Strike
1-1: Swinging Strike
1-2: Ball
2-2: Strikes out looking
Top of the 4th over - 0 runs, 1 hit, 0 errors, 3 left on base; Millbrae 0 - Sunnydale 5
BOTTOM OF THE 4TH
Sunnydale Slayers batting - Pitching for Millbrae Fleas : RHP Dave Thomas
Batting: LHB Mickey Rivers 0-0: Called Strike
0-1: Ball
1-1: Ball
2-1: Ground out 4-3 (Groundball, 4S, EV 91.3 MPH)
Batting: RHB Juan Gallegos 0-0: Ball
1-0: Swinging Strike
1-1: Ball
2-1: Foul Ball, location: 3SF
2-2: Ground out 6-3 (Groundball, 6, EV 103.1 MPH)
Batting: LHB Scott Davis 0-0: Foul Ball, location: 2F
0-1: Ball
1-1: Ball
2-1: Foul Ball, location: 3DF
2-2: Ball
3-2: Foul Ball, location: 3F
3-2: SINGLE (Line Drive, 6MD, EV 94.4 MPH)
Batting: LHB José Pérez 0-0: Called Strike
0-1: Ball
1-1: Fly out, F8 (Flyball, 78M, EV 90.0 MPH)
Bottom of the 4th over - 0 runs, 1 hit, 0 errors, 1 left on base; Millbrae 0 - Sunnydale 5
TOP OF THE 5TH
Millbrae Fleas batting - Pitching for Sunnydale Slayers : LHP Cameron Stanley
Batting: RHB Wally Ford 0-0: Foul Ball, location: 5DF
0-1: Ball
1-1: Ball
2-1: Foul Ball, location: 2F
2-2: Foul Ball, location: 9LDF
2-2: Ball
3-2: Foul Ball, location: 2F
3-2: Base on Balls
Batting: RHB Jeff Bailey 0-0: Called Strike
0-1: Grounds into double play, 6-4-3 (Groundball, 6, EV 76.9 MPH)
Batting: LHB Sergio García 0-0: Called Strike
0-1: Swinging Strike
0-2: Strikes out swinging
Top of the 5th over - 0 runs, 0 hits, 0 errors, 0 left on base; Millbrae 0 - Sunnydale 5
BOTTOM OF THE 5TH
Sunnydale Slayers batting - Pitching for Millbrae Fleas : RHP Dave Thomas
Batting: RHB Rico Petrocelli 0-0: Ball
1-0: Ball
2-0: Foul Ball, location: 5F
2-1: Ball
3-1: Called Strike
3-2: Base on Balls
Batting: LHB Blake Wanhalla 0-0: Ball
1-0: Ball
2-0: Called Strike
2-1: Ball
3-1: Fielders Choice at 2nd, 4-6 (Groundball, 34, EV 101.3 MPH)
Batting: RHB Jesús Sosa 0-0: Ball
1-0: Ball
2-0: Ball
3-0: Called Strike
3-1: Base on Balls
Blake Wanhalla to second
Batting: RHB Buck Martinez 0-0: Called Strike
0-1: Ball
1-1: Swinging Strike
1-2: Fielders Choice at 2nd, 5-4 (Groundball, 56, EV 82.5 MPH)
Blake Wanhalla to third
Batting: RHB Russell Martin 0-0: SINGLE (Line Drive, 89M, EV 110.6 MPH)
Blake Wanhalla scores
Buck Martinez to second
Batting: LHB Mickey Rivers 0-0: Foul Ball, location: 2F
0-1: 3-RUN HOME RUN (Flyball, 89XD, EV 110.6 MPH), Distance : 412 ft
Batting: RHB Juan Gallegos 0-0: SINGLE (Groundball, 6MD, EV 101.9 MPH)
Batting: LHB Scott Davis 0-0: Ball
1-0: Called Strike
1-1: Foul Ball, location: 2F
1-2: Foul Ball, location: 23F
1-2: Strikes out swinging
Bottom of the 5th over - 4 runs, 3 hits, 0 errors, 1 left on base; Millbrae 0 - Sunnydale 9
TOP OF THE 6TH
Millbrae Fleas batting - Pitching for Sunnydale Slayers : LHP Cameron Stanley
Batting: SHB John Bell 0-0: Ball
1-0: Foul Ball, location: 2F
1-1: Ball
2-1: Ball
3-1: Base on Balls
Batting: RHB Nathan Martínez 0-0: Foul Ball, location: 9LSF
0-1: Foul Ball, location: 2F
0-2: Foul Ball, location: 5FF
0-2: SINGLE (Groundball, 15, EV 71.3 MPH) (infield hit)
John Bell to second
Batting: LHB Harvey Moneur 0-0: Called Strike
0-1: Ball
1-1: Swinging Strike
1-2: Ball
2-2: Ball
3-2: DOUBLE (Line Drive, 3D, EV 101.9 MPH)
John Bell scores
Nathan Martínez to third
Batting: RHB Augusto Hernández 0-0: Called Strike
0-1: Foul Ball, location: 3FF
0-2: Strikes out looking
Batting: LHB Teinosuke Kogawa 0-0: Foul Ball, location: 2F
0-1: Foul Ball, location: 3F
0-2: Ball
1-2: Ball
2-2: Ball
3-2: Foul Ball, location: 7LDF
3-2: Base on Balls
Batting: RHB Jerry DaVanon 0-0: Called Strike
0-1: Swinging Strike
0-2: Ball
1-2: Ball
2-2: Ball
3-2: Strikes out swinging
Batting: RHB Wally Ford 0-0: Ball
1-0: Ball
2-0: Ball
3-0: Called Strike
3-1: Base on Balls
Nathan Martínez scores
Harvey Moneur to third
Teinosuke Kogawa to second
Batting: RHB Jeff Bailey 0-0: Called Strike
0-1: Foul Ball, location: 9LSFF
0-2: Fly out, F9 (Flyball, 89S, EV 87.5 MPH)
Top of the 6th over - 2 runs, 2 hits, 0 errors, 3 left on base; Millbrae 2 - Sunnydale 9
BOTTOM OF THE 6TH
Sunnydale Slayers batting - Pitching for Millbrae Fleas : RHP Dave Thomas
Batting: LHB José Pérez 0-0: Ball
1-0: Ball
2-0: Foul Ball, location: 5DF
2-1: Foul Ball, location: 23F
2-2: Foul Ball, location: 5DF
2-2: DOUBLE (Flyball, 89XD, EV 111.9 MPH)
Batting: RHB Rico Petrocelli 0-0: SINGLE (Groundball, 6MD, EV 98.8 MPH)
José Pérez to third
Batting: LHB Blake Wanhalla 0-0: Called Strike
0-1: Ball
1-1: Ball
2-1: Ball
3-1: Called Strike
3-2: SINGLE (Groundball, 3D, EV 102.5 MPH)
José Pérez scores
Rico Petrocelli to second
Runner from 2nd tries for 3rd, SAFE, throw by RF made to third
Batting: RHB Jesús Sosa 0-0: Called Strike
0-1: Foul Ball, location: 2F
0-2: Hit by Pitch
Blake Wanhalla to second
Pitching: RHP Dan Joseph
Batting: RHB Buck Martinez 0-0: Foul Ball, location: 2RF
0-1: Grounds into double play, 5-2-3 (Groundball, 56S, EV 81.3 MPH)
Blake Wanhalla to third
Jesús Sosa to second
Batting: RHB Russell Martin 0-0: Ball
1-0: Called Strike
1-1: Ball
2-1: Foul Ball, location: 5FF
2-2: Fly out, F8 (Flyball, 8LD, EV 103.1 MPH)
Bottom of the 6th over - 1 run, 3 hits, 0 errors, 2 left on base; Millbrae 2 - Sunnydale 10
TOP OF THE 7TH
Millbrae Fleas batting - Pitching for Sunnydale Slayers : LHP Cameron Stanley
Batting: LHB Sergio García 0-0: Ball
1-0: Ball
2-0: Ball
3-0: Base on Balls
Batting: SHB John Bell 0-0: Called Strike
0-1: Ball
1-1: Foul Ball, location: 3F
1-2: Ball
2-2: Ball
3-2: SINGLE (Flyball, 8RS, EV 91.3 MPH)
Sergio García to second
Batting: RHB Nathan Martínez 0-0: SINGLE (Line Drive, 8RS, EV 107.5 MPH)
Sergio García to third
John Bell to second
Batting: LHB Harvey Moneur 0-0: Ball
1-0: Ball
2-0: Foul Ball, location: 3FF
2-1: SINGLE (Groundball, 4MD, EV 95.0 MPH)
Sergio García scores
John Bell to third
Nathan Martínez to second
Batting: RHB Augusto Hernández 0-0: Fly out, F9 (Flyball, 89D, EV 108.8 MPH)
Runner from 3rd tags up, SCORES, throw by RF
Nathan Martínez to third
Batting: LHB Teinosuke Kogawa 0-0: Called Strike
0-1: Fly out, F7 (Flyball, 78M, EV 91.9 MPH)
Batting: RHB Jerry DaVanon 0-0: Ball
1-0: Swinging Strike
1-1: Ball
2-1: Called Strike
2-2: Ball
3-2: Foul Ball, location: 25FF
3-2: DOUBLE (Line Drive, 7LM, EV 102.5 MPH)
Nathan Martínez scores
Harvey Moneur to third
Harvey Moneur scores
Pitching: RHP José Villanueva
Batting: RHB Wally Ford 0-0: Called Strike
0-1: Swinging Strike
0-2: SINGLE (Groundball, P, EV 90.0 MPH) (infield hit)
Jerry DaVanon to third
Batting: RHB Jeff Bailey Pickoff Throw to First - Out! 1-3
Top of the 7th over - 4 runs, 5 hits, 0 errors, 1 left on base; Millbrae 6 - Sunnydale 10
BOTTOM OF THE 7TH
Sunnydale Slayers batting - Pitching for Millbrae Fleas : RHP Dan Joseph
Batting: LHB Mickey Rivers 0-0: Ball
1-0: TRIPLE (Line Drive, 78XD, EV 103.1 MPH)
Batting: RHB Juan Gallegos 0-0: Called Strike
0-1: Swinging Strike
0-2: Fly out, F9 (Flyball, 9LM, EV 91.3 MPH)
Batting: LHB Scott Davis 0-0: Fly out, F8 (Flyball, 8LM, EV 92.5 MPH)
Runner from 3rd tags up, SCORES, throw by CF
Batting: LHB José Pérez 0-0: Swinging Strike
0-1: Called Strike
0-2: Strikes out swinging
Bottom of the 7th over - 1 run, 1 hit, 0 errors, 0 left on base; Millbrae 6 - Sunnydale 11
TOP OF THE 8TH
Millbrae Fleas batting - Pitching for Sunnydale Slayers : RHP José Villanueva
Batting: RHB Jeff Bailey 0-0: Called Strike
0-1: Ball
1-1: Called Strike
1-2: Foul Ball, location: 9LSF
1-2: Ball
2-2: Ground out 6-3 (Groundball, 6, EV 80.6 MPH)
Batting: LHB Sergio García 0-0: Ball
1-0: Foul Ball, location: 5F
1-1: Swinging Strike
1-2: Foul Ball, location: 2F
1-2: Strikes out swinging
Batting: SHB John Bell 0-0: Called Strike
0-1: Foul Ball, location: 2F
0-2: Foul Ball, location: 2F
0-2: Strikes out swinging
Top of the 8th over - 0 runs, 0 hits, 0 errors, 0 left on base; Millbrae 6 - Sunnydale 11
BOTTOM OF THE 8TH
Sunnydale Slayers batting - Pitching for Millbrae Fleas : RHP Dan Joseph
Batting: RHB Rico Petrocelli 0-0: Ball
1-0: Foul Ball, location: 5SF
1-1: Ground out 6-3 (Groundball, 6MS, EV 81.9 MPH)
Batting: LHB Blake Wanhalla 0-0: Foul Ball, location: 3SF
0-1: Foul Ball, location: 2F
0-2: Strikes out swinging
Batting: RHB Jesús Sosa 0-0: Ball
1-0: Called Strike
1-1: Swinging Strike
1-2: Strikes out looking
Bottom of the 8th over - 0 runs, 0 hits, 0 errors, 0 left on base; Millbrae 6 - Sunnydale 11
TOP OF THE 9TH
Millbrae Fleas batting - Pitching for Sunnydale Slayers : RHP José Villanueva
Batting: RHB Nathan Martínez 0-0: Ball
1-0: Ball
2-0: Ball
3-0: Called Strike
3-1: SOLO HOME RUN (Flyball, 9D, EV 96.9 MPH), Distance : 369 ft
Batting: LHB Harvey Moneur 0-0: Ball
1-0: Ball
2-0: Foul Ball, location: 2RF
2-1: Ball
3-1: Fly out, F9 (Flyball, 89M, EV 90.6 MPH)
Batting: RHB Augusto Hernández 0-0: Ball
1-0: Ball
2-0: Ball
3-0: Called Strike
3-1: Base on Balls
Batting: LHB Teinosuke Kogawa 0-0: Called Strike
0-1: Swinging Strike
0-2: Foul Ball, location: 7LDF
0-2: Strikes out swinging
Batting: RHB Jerry DaVanon 0-0: Ball
1-0: Called Strike
1-1: Ground out 6-3 (Groundball, 6M, EV 108.1 MPH)
Top of the 9th over - 1 run, 1 hit, 0 errors, 1 left on base; Millbrae 7 - Sunnydale 11
Friday, May 3rd , 2024 - OOTP Baseball 24.8 Build 75